 Dungeon Crawl Stone Soup version 0.29.0-4-gdea44cf6ec (webtiles) character file.

Game seed: 17217087919037829487

2 qw the Sneak (level 1, -4/14 HPs)
             Began as a Gargoyle Delver on Sept 10, 2022.
             Splashed by a jelly's acid (5 damage)
             ... on level 5 of the Dungeon.
             The game lasted 00:00:08 (281 turns).

qw the Sneak (Gargoyle Delver)                       Turns: 281, Time: 00:00:08

Health: -4/14      AC: -2    Str: 15    XL:     1   Next: 40%
Magic:  1/1        EV: 11    Int: 10    God:
Gold:   0          SH:  0    Dex: 11    Spells: 0/0 levels left

rFire   . . .      SeeInvis .   a - +0 hand axe
rCold   . . .      Faith    .   (no shield)
rNeg    + . .      Spirit   .   b - +0 leather armour
rPois   inf        Reflect  .   (no helmet)
rElec   +          Harm     .   (no cloak)
rCorr   .          Rampage  .   (no gloves)
Will    .....                   (no boots)
Stlth   +++.......              (no amulet)
HPRegen 0.04/turn               (no ring)
MPRegen 0.07/turn               (no ring)

@: corroded
A: sickness immunity, AC +2, negative energy resistance 1, electricity
resistance, torment resistance 1, petrification resistance
a: no special abilities


You were on level 5 of the Dungeon.
You visited 1 branch of the dungeon, and saw 1 of its levels.


Innate Abilities, Weirdness & Mutations

You are immune to sickness and miasma.
Your stone body is resilient. (AC +2)
You are immune to poison.
You resist negative energy. (rN+)
You are resistant to electric shocks. (rElec)
You are resistant to unholy torment.
You are immune to petrification.


   Skills:
 - Level 3.2 Fighting
 + Level 2.0 Axes
 - Level 1.5 Dodging
 - Level 5.4 Stealth


You couldn't memorise any spells.
You didn't know any spells.
Your spell library was empty.

Inventory:

Hand Weapons
 a - a +0 hand axe (weapon)
Armour
 b - a +0 leather armour (worn)
Wands
 g - a wand of digging (3)
Scrolls
 c - a scroll of fog
 d - a scroll of magic mapping
 e - a scroll of fear
Potions
 f - a potion of haste

Dungeon Overview and Level Annotations

Branches:
Dungeon (5/15)
 Temple: D:4-7

Altars:


Message History

You hit the hobgoblin zombie but do no damage.
The hobgoblin zombie is moderately damaged.
The hobgoblin zombie hits you.
You hit the hobgoblin zombie.
The hobgoblin zombie is heavily damaged.
The hobgoblin zombie hits you.
You hit the hobgoblin zombie.
The hobgoblin zombie is heavily damaged.
The hobgoblin zombie barely misses you.
You hit the hobgoblin zombie.
The hobgoblin zombie is almost destroyed.
The hobgoblin zombie hits you.
You hit the hobgoblin zombie.
You destroy the hobgoblin zombie!
Your Axes skill increases to level 2!
You hit the orc zombie.
The orc zombie is moderately damaged.
The orc zombie hits you but does no damage.
You hit the orc zombie.
The orc zombie is almost destroyed.
The orc zombie hits you.
You hit the orc zombie.
You destroy the orc zombie!
You start resting.
HP restored.
A jelly and an ogre come into view.
Found a clear potion.
The ogre shouts!
The jelly quivers.
You slash the jelly!
Your hands burn!
The jelly is moderately wounded.
The jelly hits you but does no damage.
You hit the jelly.
Your hands burn!
The jelly is heavily wounded.
You hit the ogre. The jelly completely misses you. The ogre barely misses you.
The jelly hits you. The acid corrodes you!
You are splashed with acid!
Ouch! That really hurt!
You hit the jelly but do no damage. The acid corrodes you!
Your hands burn!
You die...

#..
..#.########.....
.........>.......
.######.####.###.
#....#.## #...@.#
#..OJ#.# #..#.#.#
####.. # ... ....
.... ..!..#


You could see an ogre and a jelly.

Vanquished Creatures
  A hobgoblin zombie (D:5)
  3 orc zombies (D:5)
4 creatures vanquished.

Notes
Turn   | Place    | Note
-------+----------+-------------------------------------------
     0 | D:5      | qw the Gargoyle Delver began the quest for the Orb.
     0 | D:5      | Reached XP level 1. HP: 14/14 MP: 1/1
     0 | D:5      | 0 ||| qw: Version: 0.1-a-116-g5d60599
     0 | D:5      | 0 ||| qw: Game counter: 8554
     0 | D:5      | 0 ||| qw: Always use a shield: true
     0 | D:5      | 0 ||| qw: God list: Okawaru
     0 | D:5      | 0 ||| qw: Allow faded altars: false
     0 | D:5      | 0 ||| qw: Do Orc after D:15 true
     0 | D:5      | 0 ||| qw: Do second Lair branch before Depths: true
     0 | D:5      | 0 ||| qw: Lair rune preference: random
     0 | D:5      | 0 ||| qw: Plans: Normal
     0 | D:5      | 0 ||| PLANNING D:1-11
     1 | D:5      | 1 ||| Stepping ~*~*~tactically~*~*~ (stealth).
     3 | D:5      | 3 ||| Stepping ~*~*~tactically~*~*~ (stealth).
     5 | D:5      | 5 ||| Stepping ~*~*~tactically~*~*~ (stealth).
     7 | D:5      | 7 ||| Stepping ~*~*~tactically~*~*~ (stealth).
     9 | D:5      | 9 ||| Stepping ~*~*~tactically~*~*~ (stealth).
    11 | D:5      | 11 ||| Stepping ~*~*~tactically~*~*~ (stealth).
    13 | D:5      | 13 ||| Stepping ~*~*~tactically~*~*~ (stealth).
    15 | D:5      | 15 ||| Stepping ~*~*~tactically~*~*~ (stealth).
    32 | D:5      | 32 ||| Stepping ~*~*~tactically~*~*~ (stealth).
    34 | D:5      | 34 ||| Stepping ~*~*~tactically~*~*~ (stealth).
    36 | D:5      | 36 ||| Stepping ~*~*~tactically~*~*~ (stealth).
    49 | D:5      | 49 ||| Stepping ~*~*~tactically~*~*~ (stealth).
    51 | D:5      | 51 ||| Stepping ~*~*~tactically~*~*~ (stealth).
    53 | D:5      | 53 ||| Stepping ~*~*~tactically~*~*~ (stealth).
    55 | D:5      | 55 ||| Stepping ~*~*~tactically~*~*~ (stealth).
    57 | D:5      | 57 ||| Stepping ~*~*~tactically~*~*~ (stealth).
    59 | D:5      | 59 ||| Stepping ~*~*~tactically~*~*~ (stealth).
   270 | D:5      | Noticed a jelly
   270 | D:5      | Noticed an ogre
   280 | D:5      | HP: 1/14 [acid (9)]
   281 | D:5      | Splashed by a jelly's acid

Levels and vault maps discovered:
D:5:      layout_loops_ring, serial_shops, shop_statue, minmay_mini_ossuary

Skill      XL: |  1 |
---------------+----+-----
Axes           | 2 |  2.0
Fighting       | |  3.2
Dodging        | |  1.5
Stealth        | |  5.4

Action                   || total
-------------------------++-------
Melee: Hand axe          ||    25
Armor: Leather armour    ||     6
Dodge: Dodged            ||     7

Table legend:
 A = Non-vault XP
 B = Vault XP
 C = Vault XP percentage of total XP
 D = Non-vault monster count
 E = Vault monster count
 F = Vault count percentage of total count
                 A         B        C        D         E       F
            +---------+---------+-------+---------+---------+-------
      Total |       0 |       4 | 100.0 |       0 |       4 | 100.0
            +---------+---------+-------+---------+---------+-------
        D:5 |       0 |       4 | 100.0 |       0 |       4 | 100.0
            +---------+---------+-------+---------+---------+-------
